 Dungeon Crawl Stone Soup version 0.24.1-14-gf8d2b509d9 (webtiles) character file.

Game seed: 13743348286360690166, levelgen mode: deterministic

132 7w4c the Caller (level 4, -8/24 HPs)
             Began as a Deep Elf Summoner on June 29, 2023.
             Mangled by an ogre
             ... wielding a +0 giant club
              (26 damage)
             ... on level 4 of the Dungeon.
             The game lasted 00:17:18 (2326 turns).

7w4c the Caller (Deep Elf Summoner)                 Turns: 2326, Time: 00:17:18

Health: -8/24      AC:  6    Str:  5    XL:     4   Next: 92%
Magic:  6/13       EV: 12    Int: 21    God:
Gold:   195        SH:  0    Dex: 15    Spells: 7/13 levels left

rFire    . . .     SeeInvis .   (no weapon)
rCold    . . .     Gourm    .   (no shield)
rNeg     . . .     Faith    .   b - +0 leather armour
rPois    .         Spirit   .   g - +0 helmet
rElec    .         Reflect  .   i - +1 cloak
rCorr    .         Harm     .   (no gloves)
MR       .....                  (no boots)
Stlth    ++........             (no amulet)
HPRegen  0.08/turn              (no ring)
MPRegen  0.13/turn              (no ring)

@: no status effects
A: no striking features
a: no special abilities


You were on level 4 of the Dungeon.
You were very hungry.

You visited 1 branch of the dungeon, and saw 4 of its levels.

You collected 195 gold pieces.

Inventory:

Hand Weapons
 n - a +0 whip
Armour
 b - a +0 leather armour (worn)
 g - a +0 helmet (worn)
 i - a +1 cloak (worn)
Wands
 p - a wand of paralysis (6)
Scrolls
 a - 2 scrolls of remove curse
 d - a scroll of random uselessness {unknown}
 h - a scroll of teleportation
 j - a scroll of amnesia
 k - a scroll of blinking {unknown}
Potions
 e - a potion of agility {unknown}
 f - 2 potions of mutation {unknown}
 l - 3 potions of brilliance
 m - a potion of berserk rage {unknown}
 o - a potion of invisibility {unknown}
Comestibles
 c - 5 rations


   Skills:
 + Level 0.1 Fighting
 + Level 0.6 Armour
 + Level 3.0 Dodging
 + Level 2.7 Stealth
 + Level 0.1 Unarmed Combat
 + Level 5.2 Spellcasting
 + Level 5.2 Summonings


You had 7 spell levels left.
You knew the following spells:

 Your Spells              Type           Power        Failure   Level  Hunger
a - Summon Small Mammal   Summ           ####         1%          1    None
b - Call Canine Familiar  Summ           ####....     6%          3    ##.....
c - Call Imp              Summ           ####....     3%          2    None

Your spell library contained the following spells:

 Spells                   Type           Power        Failure   Level  Hunger
 Summon Guardian Golem    Hex/Summ       ###.....     17%         3    ##.....
 Summon Ice Beast         Ice/Summ       ###.....     50%         4    ####...
 Summon Lightning Spire   Summ/Air       ###.....     50%         4    ####...


Dungeon Overview and Level Annotations

Branches:
Dungeon (4/15)
 Temple: D:4-7

Altars:
Trog
Wu Jian


Message History

Confirm with . or Enter, or press ? or * to list all spells.
Your quokka disappears in a puff of smoke!
Casting: Summon Small Mammal (safe; 1% risk of failure)
Confirm with . or Enter, or press ? or * to list all spells.
You are feeling very hungry.
The ogre misses your quokka.
Casting: Call Canine Familiar (safe; 6% risk of failure)
Confirm with . or Enter, or press ? or * to list all spells.
A beastly little devil appears in a puff of flame.
Your quokka closely misses the ogre.
Your quokka bites the ogre.
Your quokka barely misses the ogre.
Your hound bites the ogre but does no damage.
Your crimson imp barely misses the ogre.
A jelly comes into view.
Your crimson imp hits the ogre.
Your hound closely misses the ogre.
Your quokka bites the ogre.
The ogre hits you with a +0 giant club!!
Ouch! That really hurt!
You die...

.............[..
................
..#....<........
#.........#....
......###.## #
###........####
#.......>...#
....###.rr...####
.#.#.....r@Or.....
..###.....5h.....
..J.............
..##............ .
#............
#............
#............
#..........##


You could see an ogre, a jelly, a friendly hound, a friendly crimson imp and 4
friendly quokkas.

Vanquished Creatures
  2 bats
  A giant cockroach (D:2)
  A rat (D:1)
4 creatures vanquished.

Vanquished Creatures (collateral kills)
  An ogre (D:2)
  A scorpion (D:4)
  3 adders
  3 oozes
  A dart slug (D:1)
  2 leopard geckos (D:1)
  4 orcs (D:3)
  7 bats
  2 giant cockroaches
  7 goblins
  8 hobgoblins
  A quokka (D:3)
  4 frilled lizards
  6 kobolds
  8 rats
58 creatures vanquished.

Grand Total: 62 creatures vanquished

Notes
Turn   | Place    | Note
-------+----------+-------------------------------------------
     0 | D:1      | 7w4c the Deep Elf Summoner began the quest for the Orb.
     0 | D:1      | Reached XP level 1. HP: 10/10 MP: 6/6
   242 | D:1      | Reached XP level 2. HP: 13/15 MP: 0/8
   770 | D:2      | Noticed an ogre
   784 | D:2      | Killed an ogre
   784 | D:2      | Reached XP level 3. HP: 18/19 MP: 3/10
   794 | D:2      | Learned a level 3 spell: Call Canine Familiar
   797 | D:2      | Learned a level 2 spell: Call Imp
   922 | D:2      | Reached XP level 4. HP: 24/24 MP: 3/12
  1028 | D:2      | Found an ornate altar of the Wu Jian Council.
  1328 | D:2      | Found a bloodstained altar of Trog.
  1949 | D:3      | Reached skill level 5 in Spellcasting
  1985 | D:3      | Reached skill level 5 in Summonings
  2311 | D:4      | Noticed an ogre
  2326 | D:4      | Mangled by an ogre

Levels and vault maps discovered:
D:1:      minmay_arrival_radiant_lines, layout_loops_ring, minmay_cut_off
D:2:      cheibrodos_greedy_goblins, layout_loops_corners,
          nicolae_overflow_crystal_walls, marbit_many_paths, first_ration
D:3:      layout_basic
D:4:      layout_rooms, okawaru_trees_2

Skill      XL: |  1  2  3  4 |
---------------+-------------+-----
Dodging        | 3 |  3.0
Spellcasting   | 4 5 |  5.2
Summonings     | 5 |  5.2
Fighting       | |  0.1
Armour         | |  0.6
Stealth        | |  2.7
Unarmed Combat | |  0.1

Action                   |  1- 3 |  4- 6 || total
-------------------------+-------+-------++-------
Melee: Unarmed           |    25 |     9 ||    34
 Cast: Summon Small Mamm |    54 |    58 ||   112
       Call Canine Famil |     1 |     4 ||     5
       Call Imp          |     1 |     2 ||     3
  Use: Scroll            |     1 |     2 ||     3
       Potion            |       |     1 ||     1
 Stab: Sleeping          |     1 |     1 ||     2
  Eat: Ration            |     1 |       ||     1
Armor: Leather armour    |    25 |    20 ||    45
Dodge: Dodged            |    61 |    40 ||   101
